cohdb
Replays
Latest Replays
All Replays
Popular Replays
Top Player Replays
Match Explorer
How It Works
Community
CoH3 Stats
Reddit
Sign in to upload your games and track your stats! →
Sign in with Steam
Match 24123463
Unlisted
Match 24123463
Overview
Messages
Build Orders
End
Engineer Squad
Construct Barracks
Selects Advanced Infantry Battlegroup
Riflemen Squad
Riflemen Squad
Infantry Support Center
Riflemen Squad
Selects Convert to Ranger Squad
Convert to Ranger Squad
Construct Motor Pool
Selects Ammunition Storage
M8 Greyhound Armored Car
Selects M2A1 105mm Howitzer Emplacement
Construct Medical Station
M1 Anti-tank Gun Team
Selects Designate Assault Position
Selects Free Fire Drills
Convert to Ranger Squad
Selects Infantry Assault
Infantry Assault
Construct Tank Depot
Infantry Assault
M18 Hellcat Tank Destroyer
Infantry Assault
Infantry Assault
Infantry Assault
Convert to Ranger Squad
M18 Hellcat Tank Destroyer
Infantry Assault
Riflemen Squad
Convert to Ranger Squad
Infantry Assault
Infantry Assault
M18 Hellcat Tank Destroyer
Infantry Assault
Factionem Cartellum
Cross
Space Dodo
iceman
UH|ck
insane
0
0
Comments
sign in to comment!
No comments posted yet!